 Dungeon Crawl Stone Soup version 0.29.1-15-g9cfb28693d (webtiles) character file.

Game seed: 17950266594410220694

18 zeram the Vexing (level 2, -2/16 HPs)
             Began as a Gargoyle Arcane Marksman on Mar 5, 2023.
             Slain by a gnoll
             ... wielding a +0 club
              (7 damage)
             ... on level 1 of the Dungeon.
             The game lasted 00:00:45 (467 turns).

zeram the Vexing (Gargoyle Arcane Marksman)          Turns: 467, Time: 00:00:46

Health: -2/16      AC:  4    Str: 13    XL:     2   Next: 70%
Magic:  3/3        EV: 12    Int: 13    God:
Gold:   20         SH:  0    Dex: 10    Spells: 2/3 levels left

rFire   . . .      SeeInvis .   a - +1 sling
rCold   . . .      Faith    .   (no shield)
rNeg    + . .      Spirit   .   c - +0 robe
rPois   ∞          Reflect  .   (no helmet)
rElec   +          Harm     .   (no cloak)
rCorr   .          Rampage  .   (no gloves)
Will    .....                   (no boots)
Stlth   +.........              (no amulet)
HPRegen 0.05/turn               (no ring)
MPRegen 0.08/turn               (no ring)

@: no status effects
A: sickness immunity, AC +2, negative energy resistance 1, electricity
resistance, torment resistance 1, petrification resistance
a: no special abilities


You were on level 1 of the Dungeon.
You visited 1 branch of the dungeon, and saw 1 of its levels.

You collected 20 gold pieces.

Inventory:

Hand Weapons
 a - a +1 sling (weapon)
Armour
 c - a +0 robe (worn)
Scrolls
 b - a scroll of poison
 e - a scroll of blinking {unknown}
 g - a scroll of fear {unknown}
Potions
 d - 2 potions of heal wounds {unknown}
 f - a potion of curing {unknown}
 h - a potion of mutation {unknown}


   Skills:
 - Level 1.3 Fighting
 + Level 2.5 Ranged Weapons
 + Level 1.6 Dodging
 - Level 1.0 Spellcasting
 - Level 3.1 Hexes


You had 2 spell levels left.
You knew the following spells:

 Your Spells              Type           Power      Damage    Failure   Level
a - Slow                  Hex            32%        N/A       8%          1

Your spell library contained the following spells:

 Spells                   Type           Power      Damage    Failure   Level
 Inner Flame              Hex/Fire       4%         N/A       41%         3
 Portal Projectile        Hex/Tloc       8%         N/A       41%         3
 Cause Fear               Hex            4%         N/A       61%         4


Dungeon Overview and Level Annotations

Branches:
Dungeon (1/15)

Altars:


Innate Abilities, Weirdness & Mutations

You are immune to sickness and miasma.
Your stone body is resilient. (AC +2)
You are immune to poison.
You resist negative energy. (rN+)
You are resistant to electric shocks. (rElec)
You are resistant to unholy torment.
You are immune to petrification.


Message History

You shoot a sling bullet. The sling bullet hits the kobold.
You kill the kobold!
No target in view!
No target in view!
No target in view!
No target in view!
Unknown command.
No target in view!
No target in view!
Key pressed, stopping explore.
There is a stone staircase leading down here.
A gnoll comes into view. It is wielding a +0 club.
A gnoll is nearby!
A gnoll is nearby!
A gnoll is nearby!
You shoot a sling bullet.
The sling bullet barely misses the gnoll.
The gnoll barely misses you.
You shoot a sling bullet.
The sling bullet barely misses the gnoll.
The gnoll hits you with a +0 club.
You shoot a sling bullet.
The sling bullet barely misses the gnoll.
The gnoll closely misses you.
You shoot a sling bullet.
The sling bullet barely misses the gnoll.
The gnoll misses you.
You shoot a sling bullet. The sling bullet hits the gnoll.
The gnoll is moderately wounded.
The gnoll hits you with a +0 club. The gnoll barely misses you.
You shoot a sling bullet.
The sling bullet barely misses the gnoll.
The gnoll hits you but does no damage.
You shoot a sling bullet. The sling bullet hits the gnoll.
The gnoll is severely wounded.
The gnoll hits you with a +0 club.
You shoot a sling bullet. The sling bullet hits the gnoll.
The gnoll is almost dead.
The gnoll hits you with a +0 club. The gnoll hits you with a +0 club!
You die...

....# #.#.........
.)..#
#.#............#
....#
#.#............#
#.#............
#.#...........
#.#..........
######.#.........
................g#
#######.#.##.###@#
........##...#.#
######.......#.#
####'###....#
#...........####
#........##>...#
#...†....##.##.#
#........##.##.#
####)######.##.#


You could see a gnoll.

Vanquished Creatures
  A ball python (D:1)
  2 bats (D:1)
  3 hobgoblins (D:1)
  3 kobolds (D:1)
  A quokka (D:1)
  A frilled lizard (D:1)
  4 goblins (D:1)
  2 rats (D:1)
17 creatures vanquished.

Notes
Turn   | Place    | Note
-------+----------+-------------------------------------------
     0 | D:1      | zeram the Gargoyle Arcane Marksman began the quest for the
                  | Orb.
     0 | D:1      | Reached XP level 1. HP: 12/12 MP: 2/2
    84 | D:1      | Reached skill level 3 in Hexes
    99 | D:1      | Reached XP level 2. HP: 16/16 MP: 3/3
   117 | D:1      | Found a faded altar of an unknown god.
   467 | D:1      | Slain by a gnoll

Illustrated notes

Levels and vault maps discovered:
D:1:      eino_arrival_tree_alley, layout_basic,
          shapermc_ecumenical_altar_mp_urbaneastern

Skill      XL: |  1 |
---------------+----+-----
Hexes          | 3 |  3.1
Fighting       | |  1.3
Ranged Weapons | |  2.5
Dodging        | |  1.6
Spellcasting   | |  1.0

Action                   || total
-------------------------++-------
 Fire: Sling             ||    48
Armor: Robe              ||     3
Dodge: Dodged            ||     5
